 Dungeon Crawl Stone Soup version 0.14-a0-1811-gdc2d5af (webtiles) character file.

1943657 wuxia the Merfolkian Porcupine (level 27, 201/233 HPs)
             Began as a Merfolk Skald on Jan 7, 2014.
             Was the Champion of Okawaru (penitent).
             Escaped with the Orb
             ... and 4 runes on Jan 8, 2014!
             The game lasted 12:24:02 (108641 turns).

wuxia the Merfolkian Porcupine (Merfolk Skald)    Turns: 108641, Time: 12:24:02

HP 201/233       AC 20     Str 26      XL: 27
MP  39/41        EV 33     Int 16      God: *Okawaru
Gold 5691        SH  0     Dex 24      Spells: 12 memorised,  5 levels left

rFire  + . .     SeeInvis +     b - +6,+7 bardiche (chop)
rCold  + . .     Clarity  .     h - +4 scale mail of Gallantry {rC+ Dex+2}
rNeg   . . .     Conserve +     (no shield)
rPois  +         rCorr    +     m - +1 helmet of Thrui {rElec SInv}
rElec  +         rRot     .     P - +1 cloak {rCorr, Cons}
SustAb . .       Spirit   .     g - +1 pair of gloves of Plunwot {rC+ Dam+2}
rMut   +         Warding  .     T - +0 pair of boots "Vasobemn" {Dex+4 Int+5}
Saprov . . .     Stasis   .     c - amulet of resist mutation
                                x - ring of Absolutism {Wiz Str+3 Dex+4}
                                D - ring of Order {Hunger- rF+ rC- MR++ Dam+5 SInv}

@: regenerating, very slightly contaminated, extraordinarily resistant to
hostile enchantments, very unstealthy
A: change form in water, swift swim, blurry vision 1, deformed body, dopey 1,
herbivore 2, poison resistance
a: Renounce Religion
0: Orb of Zot
}: 4/15 runes: decaying, slimy, silver, gossamer


You escaped.
You worshipped Okawaru.
Okawaru was demanding penance.
You were hungry.

You visited 13 branches of the dungeon, and saw 70 of its levels.
You also visited: Labyrinth.

You collected 9562 gold pieces.
You spent 3871 gold pieces at shops.

Inventory:

Hand weapons
 b - a +6,+7 bardiche of chopping (weapon)
Missiles
 q - a throwing net (quivered)
Armour
 e - the +4 faerie dragon armour {Int+3 Acc+4}
   (You took it off the Enchantress on level 5 of the Enchanted Forest)

   It affects your intelligence (+3).
   It affects your accuracy (+4).
 g - the +1 pair of gloves of Plunwot (worn) {rC+ Dam+2}
   (You took it off Nikola on level 3 of the Swamp)

   It affects your damage-dealing abilities (+2).
   It protects you from cold.
 h - the +4 scale mail of Gallantry (worn) {rC+ Dex+2}
   (Okawaru gifted it to you on level 4 of the Realm of Zot)

   It affects your dexterity (+2).
   It protects you from cold.
 m - the +1 helmet of Thrui (worn) {rElec SInv}
   (You found it on level 1 of the Depths)

   It insulates you from electricity.
   It enhances your eyesight.
 O - a +2 pair of boots of flying
 P - a +1 cloak of preservation (worn)
 T - the +0 pair of boots "Vasobemn" (worn) {Dex+4 Int+5}
   (Okawaru gifted it to you on level 3 of the Spider Nest)

   It affects your intelligence (+5).
   It affects your dexterity (+4).
Magical devices
 d - a wand of digging (15)
 f - a wand of teleportation (5)
 n - a wand of heal wounds (7)
 y - a wand of disintegration (16)
 C - a wand of invisibility (8)
Comestibles
 p - a bread ration
 w - 8 meat rations
Scrolls
 k - 8 scrolls of teleportation
 l - a scroll of remove curse
 s - a scroll of amnesia
 v - 2 scrolls of magic mapping
 A - 5 scrolls of fear
 K - 6 scrolls of fog
 S - 2 scrolls of holy word
 U - 2 scrolls of blinking
 V - 2 scrolls of vulnerability
Jewellery
 c - an amulet of resist mutation (around neck)
 o - the brooch of Shielding {Ward AC+4 EV+4}
   (You took it off a deep elf mage on level 3 of the Elven Halls)

   [amulet of warding]

   It affects your AC (+4).
   It affects your evasion (+4).
 r - the ring "Styroo" {+cTele +Blink rElec Str+4 Dex-3}
   (You found it on level 6 of the Pits of Slime)

   [ring of teleport control]

   It affects your strength (+4).
   It affects your dexterity (-3).
   It insulates you from electricity.
   It lets you blink.
 x - the ring of Absolutism (right hand) {Wiz Str+3 Dex+4}
   (You found it on level 6 of the Pits of Slime)

   [ring of wizardry]

   It affects your strength (+3).
   It affects your dexterity (+4).
 D - the ring of Order (left hand) {Hunger- rF+ rC- MR++ Dam+5 SInv}
   (You took it off a deep elf priest on level 3 of the Elven Halls)

   [ring of sustenance]

   It affects your damage-dealing abilities (+5).
   It protects you from fire.
   It makes you vulnerable to cold.
   It affects your resistance to hostile enchantments.
   It enhances your eyesight.
 J - the ring of the Suburbs {+Fly MR+ Stlth++}
   (You found it on level 6 of the Pits of Slime)

   [ring of flight]

   It affects your resistance to hostile enchantments.
   It makes you much more stealthy.
 Y - the amulet of Xikleh {Gourm -Tele MR++ Acc+2}
   (You found it on level 8 of the Lair of Beasts)

   [amulet of the gourmand]

   It affects your accuracy (+2).
   It affects your resistance to hostile enchantments.
   It prevents most forms of teleportation.
Potions
 j - 2 potions of heal wounds
 u - a potion of magic
 z - 4 potions of speed
 B - 6 potions of might
 F - 6 potions of agility
 G - 22 potions of curing
 H - 3 potions of restore abilities
 I - 4 potions of berserk rage
 M - 2 potions of invisibility
 R - a potion of resistance
 W - 7 potions of brilliance
Miscellaneous
 a - a lamp of fire (inert)
 i - a fan of gales (inert)
 N - a stone of tremors (inert)
 Q - a phial of floods (inert)
 Z - a disc of storms


   Skills:
 + Level 22.6 Fighting
 O Level 27 Polearms
 + Level 14.9 Armour
 - Level 22.7 Dodging
 - Level 3.1 Stealth
   Level 5.2 Shields
 - Level 12.8 Spellcasting
 - Level 11.0 Hexes
 - Level 18.1 Charms
 - Level 6.6 Necromancy
 + Level 16.4 Translocations
 - Level 14.2 Ice Magic
 - Level 7.6 Air Magic
 + Level 15.6 Invocations
 - Level 11.3 Evocations


You had 5 spell levels left.
You knew the following spells:

 Your Spells              Type           Power        Failure   Level  Hunger
a - Infusion              Chrm           ######       0%          1    None
b - Song of Slaying       Chrm           ######..     0%          2    None
c - Spectral Weapon       Hex/Chrm       ######..     1%          3    None
d - Shroud of Golubria    Chrm/Tloc      ######....   0%          2    None
e - Regeneration          Chrm/Necr      #####.....   1%          3    None
f - Condensation Shield   Ice            ######....   1%          4    ##.....
g - Deflect Missiles      Chrm/Air       ######....   3%          6    ######.
h - Silence               Hex/Air        #####.....   2%          5    ####...
i - Haste                 Chrm           ######..     1%          6    ######.
j - Blink                 Tloc           N/A          0%          2    None
k - Phase Shift           Tloc           ######....   1%          5    ####...
l - Controlled Blink      Tloc           N/A          3%          7    #######


Dungeon Overview and Level Annotations

Branches:
Dungeon (16/16)            Temple (1/1) D:6             Orc (4/4) D:12
    Elf (3/3) Orc:4          Lair (8/8) D:11          Swamp (5/5) Lair:5
 Spider (5/5) Lair:3        Slime (6/6) Lair:7       Vaults (5/5) D:15
  Blade (1/1) Vaults:3       Tomb (0/3) Forest:3        Zot (5/5) Depths:6
 Forest (5/5) Vaults:3     Depths (6/6) D:16

Altars:
Ashenzari
Cheibriados
Elyvilon
Fedhas
Kikubaaqudgha
Makhleb
Nemelex Xobeh
Okawaru
Sif Muna
Trog
Vehumet
Xom
Yredelemnul
Zin
the Shining One
Beogh
Jiyva

Shops:
D:10 /   D:14 [   Orc:3 :   Orc:4 [?([   Elf:2 (   Vaults:1 /   Vaults:4 /[
Vaults:5 %   Depths:2 =   Depths:3 *   Depths:4 %

Portals:
Hell: Depths:1 Depths:2 Depths:3 Depths:4 Depths:5 Depths:6
Abyss: Depths:2 Depths:4
Pandemonium: Depths:3
Ziggurat: Depths:3
Trove: D:11 (give 2 scrolls of acquirement)

Annotations:
Swamp:1 exclusion: Roxanne, Roxanne


Innate Abilities, Weirdness & Mutations

You revert to your normal form in water.
You are very nimble and swift while swimming.
Your vision is a little blurry.
Armour fits poorly on your strangely shaped body.
You are dopey. (Int -2)
You digest meat very inefficiently.
Your system is resistant to poisons.


Message History

Aim: a red devil, wielding a trident (almost dead)
You reach to attack!
You chop the red devil into pieces!!!!
You kill the red devil!
Okawaru accepts your kill.
No target in view!
No target in view!
No target in view!
No target in view!
There is a staircase leading out of the dungeon here.
Evoke which item? (* to show all) (? for menu, Esc to quit)
The disc erupts in an explosion of electricity!
You hear a mighty clap of thunder!
The orb of electricity explodes!
The orb of electricity engulfs you! You resist.
The orb of electricity explodes!
Unknown command.
Evoke which item? (* to show all) (? for menu, Esc to quit)
Okay, then.
Drop what? (_ for help) (? for menu, Esc to quit)
Okay, then.
You have escaped!

#....# #.# #...#.....#.# #..
#....# #.###.#.#.###.#.# #..
#....# #..โ‰ˆ......# #.#.# #..
###########.#..#.##.##....# ###
#......(..#.#โ‰ˆ... #.......#
#.#.........##..###...###.# ###
#.#.........)##.......#...# #..
#.#..#......#..##.#.##..### #..
#.#..#.##.#.#.โ‰ˆ@........# #..
#.#..#.##.#.#.##....#..#.## #..
##.####)##.#...#.....#.#...# #..
........##.#.#.....#.#....)####).
.#.........#.......#.....#....5.#
.##............#.##..###########>
.#...........###.#ยง#.. ##
.#[..................#
.#.###################


There were no monsters in sight!

Vanquished Creatures
  the royal jelly (Slime:6)
  6 orbs of fire (Zot:5)
  5 ancient liches (Zot:5)
  Saint Roka (Depths:2)
  Boris (thrice) (Vaults:5 Depths:3 Blade)
  A pandemonium lord (D:4)
  Margery (Blade)
  Norris (Depths:2)
  the Enchantress (Forest:5)
  3 Killer Klowns
  Mennas (Depths:6)
  11 golden dragons
  2 curse toes
  Jory (Vaults:5)
  29 acid blobs
  4 electric golems
  Nikola (Swamp:3)
  8 bone dragons
  The ghost of MirrMurr the Ninja, a mighty SpEn of Ashenzari (Depths:2)
  A hellephant (Depths:5)
  A Hell Sentinel (D:4)
  29 tentacled monstrosities
  3 liches
  28 Orb Guardians
  3 thorn hunters
  6 deep elf blademasters (Elf:3)
  A Shadow Fiend (Zot:1)
  7 deep elf master archers (Elf:3)
  7 titans
  12 storm dragons
  3 sphinxes
  An Executioner (Zot:5)
  A quicksilver dragon (Depths:5)
  Rupert (Lair:2)
  Agnes (Swamp:1)
  8 tengu reavers
  Frances (Swamp:4)
  8 shadow dragons
  4 draconian monks
  6 draconian knights
  Donald (Vaults:1)
  Wiglaf (Vaults:1)
  8 fire giants
  2 draconian scorchers (Zot:3)
  15 vault wardens
  2 iron dragons (Depths:4)
  11 deep elf sorcerers (Elf:3)
  12 azure jellies
  Aizul (Forest:1)
  Louise (Swamp:3)
  11 frost giants
  6 ghost moths
  An emperor scorpion (shapeshifter) (Depths:5)
  2 draconian zealots
  Gastronok (Orc:3)
  8 emperor scorpions
  Jorgrun (Swamp:3)
  5 ancient bears
  4 draconian annihilators
  44 stone giants
  8 spriggan defenders
  2 draconian shifters
  3 treants (Forest:5)
  6 deep elf demonologists
  4 draconian callers
  6 grey draconians
  An apis (Forest:5)
  7 elemental wellsprings
  2 vampire knights
  15 green draconians
  13 deep elf annihilators
  2 green deaths
  12 black draconians
  16 pale draconians
  5 satyrs
  The ghost of Jenx the Bludgeoner, a powerful GrFi of Okawaru (Lair:5)
  3 mottled draconians
  6 white draconians
  4 dire elephants
  9 purple draconians
  9 yellow draconians
  14 red draconians
  A merfolk javelineer (Depths:1)
  10 death oozes
  27 ettins
  16 spriggan air magi
  19 dancing weapons (Blade)
  6 deep elf death magi
  33 vault guards
  A minotaur (Lab)
  6 deep elf high priests
  12 fire dragons
  35 yaktaur captains
  7 death cobs
  8 great orbs of eyes
  15 ironheart preservers
  Fannar (Swamp:1)
  12 ice dragons
  10 alligators
  Nessos (Elf:1)
  32 hydras
  An anaconda (Forest:3)
  4 ravenous feature mimics
  An anaconda (shapeshifter) (D:15)
  15 ogre magi
  14 death yaks
  2 spriggan assassins
  5 spriggan druids (Forest:5)
  A death yak (shapeshifter) (Depths:4)
  10 spriggan berserkers
  21 deep troll earth magi
  14 deep troll shamans
  3 spriggan enchanters
  3 naga warriors
  6 orc high priests
  4 tengu warriors
  A dryad (shapeshifter) (Depths:6)
  3 rakshasas
  6 very ugly things
  2 catoblepae
  6 dryads
  A fire crab (Vaults:3)
  2 sun demons
  2 soul eaters
  A shadow wraith (Vaults:3)
  13 iron trolls
  22 centaur warriors
  6 water nymphs
  4 large abominations (Depths:4)
  39 deep trolls
  2 flayed ghosts
  28 fauns
  31 hell knights
  17 deep elf knights
  2 shadow demons (Zot:5)
  A death drake (shapeshifter) (Depths:4)
  10 swamp dragons
  The ghost of Yermak the Destroyer, an experienced FeCj of Vehumet (D:13)
  9 unseen horrors
  3 giant orange brains
  5 death drakes (Depths:6)
  2 swamp dragons (shapeshifter)
  6 giant amoebae
  11 ironbrand convokers
  21 orc knights
  4 lindwurms (Depths:6)
  4 wizards
  A giant amoeba (shapeshifter) (Vaults:5)
  11 hill giants
  41 wolf spiders
  13 deep elf conjurers
  5 phantasmal warriors
  13 necromancers
  8 cyclopes
  A harpy (shapeshifter) (Vaults:1)
  2 oklob plants
  2 hellions
  6 orc sorcerers
  9 griffons
  3 spiny worms
  16 red wasps
  5 shining eyes
  4 octopodes
  16 elephants
  14 moths of wrath
  11 vault sentinels
  2 deep elf summoners
  2 eyes of devastation
  3 sixfirhies
  5 black mambas
  An orange demon (Zot:3)
  16 spirit wolves
  A moth of wrath (shapeshifter) (Depths:2)
  A spiny frog (shapeshifter) (Depths:4)
  2 yellow draconian zombies
  5 smoke demons
  12 spiny frogs
  2 feature mimics
  A queen ant (Spider:3)
  An item mimic (D:8)
  2 red draconian zombies
  2 fire drakes
  A purple draconian zombie (Depths:6)
  21 demonic crawlers
  A pale draconian zombie (Depths:6)
  An elf (shapeshifter) (Elf:2)
  A fire drake (shapeshifter) (D:15)
  85 yaktaurs
  A minotaur zombie (Lab)
  2 iron devils
  13 deep elf priests
  A yaktaur (shapeshifter) (Depths:6)
  3 hellwings
  3 komodo dragons
  4 wandering mushrooms (D:8)
  A hydra zombie (D:11)
  3 red devils
  A blue devil (Depths:3)
  5 guardian mummies (Forest:3)
  A hell beast (Elf:3)
  56 giant fireflies
  40 jumping spiders
  87 spriggans
  A polar bear (shapeshifter) (Depths:4)
  A spriggan (shapeshifter) (Depths:5)
  23 orb spiders
  8 wind drakes
  5 naga magi (Depths:5)
  2 polar bears (Forest:4)
  9 trolls
  3 giant fireflies (shapeshifter)
  12 thorn lotuses
  A wind drake (shapeshifter) (Depths:4)
  5 tengu conjurers
  10 brown oozes
  13 bog bodies
  A raven (shapeshifter) (Vaults:5)
  4 boulder beetles
  26 two-headed ogres
  95 slime creatures
  A griffon zombie (D:12)
  3 formicids
  6 grizzly bears
  22 blink frogs
  3 ravens
  4 giant leeches
  2 blink frogs (shapeshifter)
  A stone giant simulacrum (Vaults:2)
  33 tarantellas
  2 tarantellas (shapeshifter)
  A trapdoor spider (shapeshifter) (Vaults:4)
  86 ugly things
  70 redbacks
  5 basilisks
  29 deep elf magi
  16 humans (D:14)
  14 trapdoor spiders
  29 water elementals
  16 air elementals
  3 wyverns
  A neqoxec (D:11)
  2 vampires
  A hill giant zombie (D:11)
  A human (shapeshifter) (Elf:2)
  6 sharks
  3 chaos spawn (Depths:4)
  3 merfolk (Depths:1)
  An elephant slug (Lair:5)
  34 yaks
  12 hippogriffs
  6 hungry ghosts
  2 wraiths
  31 wolves
  29 deep elf fighters
  5 necrophages
  37 vampire mosquitoes
  5 golden eyes (Slime:1)
  20 soldier ants (Spider:3)
  Edmund (Orc:1)
  39 swamp worms
  Menkaure (D:4)
  8 nagas
  6 porcupines
  4 manticores
  4 hell hounds (Depths:6)
  5 freezing wraiths
  6 mottled dragons
  20 swamp drakes
  58 orc warriors
  A yellow wasp (shapeshifter) (Depths:1)
  A dwarf (shapeshifter) (Vaults:5)
  3 ice beasts
  4 sky beasts
  20 giant goldfish
  10 yellow wasps
  4 black bears
  A black bear (shapeshifter) (Depths:2)
  4 phantoms
  3 small abominations (Depths:4)
  11 tengu
  50 ogres
  20 centaurs
  4 boring beetles
  A tengu (shapeshifter) (Depths:2)
  6 wargs
  Sigmund (D:3)
  6 rotting devils
  13 crocodiles
  A komodo dragon skeleton (D:9)
  13 giant slugs
  2 yaktaur zombies (Vaults:3)
  4 big kobolds
  17 water moccasins
  A lost soul (Elf:2)
  31 insubstantial wisps
  A brain worm (Vaults:1)
  17 giant frogs
  8 agate snails
  2 manticore zombies
  2 manticore skeletons
  A cyclops skeleton (D:16)
  A wyvern skeleton (D:11)
  2 eyes of draining (shapeshifter)
  A glowing shapeshifter simulacrum (Vaults:3)
  2 oklob saplings (D:8)
  3 spectral elves
  7 eyes of draining
  25 jellyfish
  2 hippogriff skeletons
  23 wights
  18 electric eels
  A pulsating lump (Slime:3)
  8 crimson imps
  3 quasits
  18 big fish
  A jelly (shapeshifter) (Vaults:5)
  4 iron imps
  5 goliath beetles
  12 jellies
  32 spiders
  12 hounds
  43 orc priests
  A centaur zombie (D:11)
  5 human zombies
  A giant frog skeleton (D:5)
  A gnoll shaman (Orc:4)
  7 iguanas
  30 orc wizards
  32 worker ants
  2 grizzly bear simulacra (Lair:4)
  7 scorpions
  4 sheep (Lair:7)
  12 boggarts
  A hound zombie (D:9)
  A mottled dragon zombie (D:11)
  2 ogre skeletons
  7 mummies (Forest:3)
  A hound skeleton (D:7)
  2 worker ant zombies (D:11)
  8 gnolls
  3 lemures
  7 giant centipedes
  56 green rats
  An adder (shapeshifter) (Vaults:5)
  26 adders
  9 giant mites
  2 inept feature mimics
  A white imp (D:1)
  10 worms
  5 shadow imps
  2 ufetubi
  20 grey rats (D:12)
  15 giant eyeballs
  9 giant geckos
  4 oozes
  181 orcs
  2 ball pythons (D:3)
  A bat zombie (D:5)
  33 goblins
  2 green rat zombies (D:12)
  24 hobgoblins
  32 jackals
  20 bats
  10 giant cockroaches
  5 giant newts
  A giant spore (D:6)
  7 grey rat zombies (D:12)
  2 illusory rakshasas (Depths:2)
  A jackal zombie (D:11)
  36 kobolds
  A kobold zombie (D:5)
  12 quokkas
  48 rats
  5 rat zombies
  2 ballistomycetes (D:6)
  3 crawling corpses (Elf:3)
  A fungus (Swamp:2)
  3 plants
3817 creatures vanquished.

Vanquished Creatures (collateral kills)
  An Orb Guardian (D:1)
  A giant firefly (Forest:4)
2 creatures vanquished.

Vanquished Creatures (others)
  A draconian knight (Depths:6)
  A draconian scorcher (Zot:1)
  A black draconian (Zot:1)
  137 spectral weapons
  4 air elementals
  2 moths of wrath (Zot:5)
  A water elemental (D:1)
  A slime creature (Slime:4)
  A fire elemental (Elf:3)
  A formicid (Spider:1)
  A swamp drake (Swamp:3)
  A giant frog (Swamp:5)
  A jellyfish (Swamp:2)
  A boggart (Vaults:3)
  An ufetubus (Zot:1)
  A briar patch (Forest:4)
  2 bushes
  8 fungi
  22 plants
  370 snaplasher vine segments
558 creatures vanquished.

Grand Total: 4377 creatures vanquished

Notes
Turn   | Place    | Note
--------------------------------------------------------------
     0 | D:1      | wuxia, the Merfolk Skald, began the quest for the Orb.
     0 | D:1      | Reached XP level 1. HP: 16/16 MP: 3/3
   531 | D:1      | Reached XP level 2. HP: 22/22 MP: 2/4
   794 | D:1      | Reached skill level 4 in Polearms
   937 | D:1      | Reached XP level 3. HP: 19/27 MP: 6/6
  1565 | D:2      | Found a shattered altar of Ashenzari.
  1844 | D:2      | Reached XP level 4. HP: 29/33 MP: 4/7
  1921 | D:2      | Reached skill level 5 in Polearms
  2134 | D:2      | Learned a level 2 spell: Song of Slaying
  2138 | D:2      | Learned a level 3 spell: Spectral Weapon
  3389 | D:3      | Reached XP level 5. HP: 38/38 MP: 5/9
  3590 | D:2      | Learned a level 2 spell: Shroud of Golubria
  4153 | D:3      | Reached skill level 6 in Polearms
  4257 | D:3      | Noticed Sigmund
  4809 | D:3      | Killed Sigmund
  4809 | D:3      | Reached skill level 5 in Dodging
  4809 | D:3      | Reached XP level 6. HP: 28/44 MP: 1/10
  5131 | D:4      | Noticed Menkaure
  5441 | D:3      | Reached skill level 7 in Polearms
  5453 | D:3      | Reached XP level 7. HP: 45/50 MP: 10/12
  5857 | D:3      | Reached skill level 5 in Charms
  6012 | D:4      | Killed Menkaure
  6117 | D:4      | Got an ancient trident
  6118 | D:4      | Identified the +12,+11 trident "Igestrij" {flame, Dex+2} (You found it on level 4 of the Dungeon)
  6137 | D:4      | Found an iron altar of Okawaru.
  6137 | D:4      | Found a sparkling altar of Nemelex Xobeh.
  6328 | D:5      | Entered Level 5 of the Dungeon
  6644 | D:5      | Reached skill level 8 in Polearms
  6658 | D:5      | Reached XP level 8. HP: 28/56 MP: 4/13
  7516 | D:6      | Learned a level 3 spell: Regeneration
  7554 | D:6      | Found a staircase to the Ecumenical Temple.
  7565 | Temple   | Entered the Ecumenical Temple
  7742 | D:4      | Became a worshipper of Warmaster Okawaru
  7873 | D:6      | Reached skill level 9 in Polearms
  8352 | D:7      | Reached XP level 9. HP: 61/61 MP: 8/14
  8430 | D:7      | Acquired Okawaru's first power
  8474 | D:7      | Reached skill level 10 in Polearms
  8797 | D:7      | Found a burning altar of Makhleb.
  9074 | D:8      | Reached skill level 11 in Polearms
  9074 | D:8      | Reached skill level 10 in Dodging
  9172 | D:8      | Killed a scroll of teleportation mimic
  9250 | D:8      | Reached XP level 10. HP: 67/67 MP: 16/16
  9297 | D:8      | Found a basalt altar of Yredelemnul.
  9373 | D:8      | Noticed a wandering mushroom
  9558 | D:8      | Noticed a wandering mushroom
  9586 | D:8      | Killed a wandering mushroom
  9586 | D:8      | Reached skill level 12 in Polearms
  9599 | D:8      | Killed a wandering mushroom
  9600 | D:8      | Noticed a wandering mushroom
  9601 | D:8      | Found a blossoming altar of Fedhas.
  9601 | D:8      | Noticed a wandering mushroom
  9610 | D:8      | Killed a wandering mushroom
  9626 | D:8      | Killed a wandering mushroom
 10191 | D:9      | Reached skill level 10 in Charms
 10619 | D:10     | Entered Level 10 of the Dungeon
 10626 | D:10     | Reached skill level 1 in Invocations
 11255 | D:10     | Noticed a hill giant
 11524 | D:10     | Got an obsidian-encrusted leather armour
 11525 | D:10     | Identified the +4 leather armour of Buon {Str+2 Dex+3} (You found it on level 10 of the Dungeon)
 11661 | D:10     | Reached skill level 13 in Polearms
 11704 | D:10     | Found Viagy's Magical Wand Emporium.
 11876 | D:10     | Reached XP level 11. HP: 75/75 MP: 18/18
 11890 | D:10     | Killed a hill giant
 11928 | D:10     | Killed an unseen horror
 12843 | D:11     | Acquired Okawaru's second power
 12970 | D:11     | Received a gift from Okawaru
 12989 | D:11     | Found a staircase to the Lair.
 13148 | D:11     | Reached skill level 14 in Polearms
 13156 | D:11     | Reached skill level 5 in Fighting
 13382 | D:11     | Found a blossoming altar of Fedhas.
 13466 | D:11     | Reached XP level 12. HP: 86/86 MP: 22/23
 13555 | D:11     | Found a portal to a secret trove of treasure.
 13803 | Lair:1   | Entered Level 1 of the Lair of Beasts
 14309 | Lair:1   | Reached skill level 5 in Spellcasting
 15409 | Lair:3   | Noticed Rupert
 15409 | Lair:3   | Noticed a six-headed hydra
 15410 | Lair:3   | Paralysed by Rupert for 5 turns
 15414 | Lair:3   | HP: 2/87 [Rupert/glowing claymore (3)]
 15907 | Lair:2   | Paralysed by Rupert for 2 turns
 15915 | Lair:2   | Killed Rupert
 16094 | Lair:3   | Found a hole to the Spider Nest.
 16131 | Lair:3   | Got a blackened cloak
 16135 | Lair:3   | Identified the +2 cloak of Ycoa {Stlth+} (You found it on level 3 of the Lair of Beasts)
 16264 | Lair:3   | Received a gift from Okawaru
 16303 | Lair:3   | Reached skill level 5 in Shields
 17194 | Lair:4   | Reached skill level 5 in Invocations
 17515 | Lair:4   | Reached skill level 1 in Hexes
 18058 | Lair:4   | Reached skill level 1 in Evocations
 18366 | Lair:5   | Noticed an eight-headed hydra
 18373 | Lair:5   | Killed an eight-headed hydra
 18483 | Lair:5   | Noticed Jenx's ghost (powerful GrFi)
 18715 | Lair:5   | Found a dark tunnel.
 18814 | Lair:5   | Received a gift from Okawaru
 18820 | Lair:5   | Got a pitted chain mail {god gift}
 18821 | Lair:5   | Identified the +1 chain mail of Okawaru's Hope {Str+3 Acc+4} (Okawaru gifted it to you on level 5 of the Lair of Beasts)
 18941 | Lair:5   | Found a staircase to the Swamp.
 18958 | Lair:5   | Reached XP level 13. HP: 70/93 MP: 25/25
 19114 | Lair:5   | Killed Jenx's ghost
 19288 | Lair:5   | Noticed a death yak
 19290 | Lair:5   | Noticed a death yak
 19290 | Lair:5   | Noticed a death yak
 19296 | Lair:5   | Noticed a death yak
 19298 | Lair:5   | Killed a death yak
 19298 | Lair:5   | Reached skill level 15 in Polearms
 19301 | Lair:5   | Noticed a death yak
 19305 | Lair:5   | Killed a death yak
 19311 | Lair:5   | Killed a death yak
 19316 | Lair:5   | Killed a death yak
 19320 | Lair:5   | Killed a death yak
 20598 | Lair:7   | Received a gift from Okawaru
 20849 | Lair:7   | Found a staircase to the Slime Pits.
 20849 | Lair:7   | Noticed an acid blob
 21222 | Lair:7   | Reached skill level 5 in Evocations
 21249 | Lair:7   | Reached XP level 14. HP: 99/103 MP: 26/26
 21295 | Lair:7   | Received a gift from Okawaru
 21670 | Lair:7   | Killed an acid blob
 21670 | Lair:7   | Reached skill level 5 in Hexes
 21988 | Lair:8   | Entered Level 8 of the Lair of Beasts
 21988 | Lair:8   | Found a basalt altar of Yredelemnul.
 22740 | Lair:8   | Reached skill level 16 in Polearms
 23243 | Lair:8   | Received a gift from Okawaru
 23794 | Lair:8   | Got a faintly glowing ruby amulet
 23798 | Lair:8   | Identified the amulet of Xikleh {Gourm -Tele MR++ Acc+2} (You found it on level 8 of the Lair of Beasts)
 24524 | Lair:3   | Killed a six-headed hydra
 24997 | D:12     | Found a staircase to the Orcish Mines.
 25336 | D:13     | Found a labyrinth entrance.
 25344 | Lab      | Entered a labyrinth
 25427 | Lab      | Got a vibrating brass ring
 25427 | Lab      | Identified the Papyrus of Toxic Attacks
 25449 | Lab      | Identified the ring of Diherub {Str+3 Int+2} (You found it in a labyrinth)
 25459 | Lab      | Learned a level 4 spell: Condensation Shield
 25466 | Lab      | Learned a level 6 spell: Deflect Missiles
 25499 | Orc:1    | Entered Level 1 of the Orcish Mines
 25500 | Orc:1    | Reached XP level 15. HP: 112/112 MP: 27/27
 26107 | Orc:2    | Found an iron altar of Okawaru.
 26671 | Orc:1    | Noticed Edmund
 26681 | Orc:1    | Killed Edmund
 26714 | Orc:1    | Reached skill level 15 in Dodging
 26763 | Orc:1    | Reached skill level 1 in Ice Magic
 26913 | Orc:1    | Found a bloodstained altar of Trog.
 27222 | Orc:3    | Noticed Gastronok
 27236 | Orc:3    | Killed Gastronok
 27293 | Orc:3    | Found a roughly hewn altar of Beogh.
 27418 | Orc:3    | Found Thisur's Book Shoppe.
 27667 | Orc:4    | Entered Level 4 of the Orcish Mines
 27667 | Orc:4    | Found a staircase to the Elven Halls.
 28051 | Orc:4    | Reached skill level 1 in Stealth
 28090 | Orc:4    | HP: 2/113 [orc knight/ steel bolt (34)]
 29165 | Orc:4    | Found Xuapiv's Antique Armour Emporium.
 29177 | Orc:4    | Found Peul's Magic Scroll Shoppe.
 29191 | Orc:4    | Found Oseh's Antique Armour Emporium.
 29192 | Orc:4    | Found Okhit's Antique Weapon Emporium.
 29237 | Orc:4    | Bought a pair of elven gloves for 36 gold pieces
 29430 | D:13     | Reached skill level 5 in Ice Magic
 29453 | D:13     | Noticed Yermak's ghost (experienced FeCj)
 29544 | D:13     | Killed Yermak's ghost
 30056 | D:14     | Found Bojunkay's Antique Armour Shoppe.
 30064 | D:14     | Bought a runed buckler for 97 gold pieces
 30064 | D:14     | Bought a pair of glowing gloves for 46 gold pieces
 30137 | D:14     | Reached skill level 1 in Air Magic
 30484 | D:14     | Received a gift from Okawaru
 30516 | D:14     | Found a gate to the Vaults.
 30574 | D:14     | the gate to the Vaults was a mimic.
 30650 | D:15     | Entered Level 15 of the Dungeon
 30810 | D:15     | Found a gate to the Vaults.
 30924 | D:15     | Reached skill level 17 in Polearms
 31083 | Lair:1   | Learned a level 5 spell: Silence
 31297 | D:15     | Reached XP level 16. HP: 120/120 MP: 22/30
 31625 | D:16     | Entered Level 16 of the Dungeon
 32043 | D:16     | Found a staircase to the Depths.
 32382 | Depths:1 | Entered Level 1 of the Depths
 33389 | Depths:1 | Found a gateway to Hell.
 33479 | Depths:1 | Received a gift from Okawaru
 33503 | Depths:1 | Reached skill level 5 in Air Magic
 34061 | Depths:1 | Got a crude helmet
 34065 | Depths:1 | Identified the +1 helmet of Thrui {rElec SInv} (You found it on level 1 of the Depths)
 34858 | Swamp:1  | Entered Level 1 of the Swamp
 35175 | Swamp:1  | Noticed Fannar
 35185 | Swamp:1  | Killed Fannar
 35185 | Swamp:1  | Reached skill level 15 in Charms
 35365 | Swamp:1  | Reached XP level 17. HP: 121/126 MP: 27/33
 35384 | Swamp:1  | Noticed Agnes
 35395 | Swamp:1  | Killed Agnes
 35454 | Swamp:1  | Noticed Roxanne
 36018 | Swamp:2  | Got a shimmering broad axe
 36019 | Swamp:2  | Identified the +4,+7 broad axe of Jurchamu {freeze, rF+ rC+} (You found it on level 2 of the Swamp)
 36097 | Swamp:2  | Received a gift from Okawaru
 36100 | Swamp:2  | Got a slimy leather armour {god gift}
 36103 | Swamp:2  | Identified the +0 leather armour "Toaxt" {Acc+4 Dam+5 SInv} (Okawaru gifted it to you on level 2 of the Swamp)
 36655 | Swamp:3  | Noticed Louise
 36671 | Swamp:3  | Killed Louise
 36735 | Swamp:3  | Reached skill level 10 in Spellcasting
 36743 | Swamp:3  | Noticed Jorgrun
 36758 | Swamp:3  | Killed Jorgrun
 36871 | Swamp:3  | Noticed Nikola
 36901 | Swamp:3  | Killed Nikola
 36936 | Swamp:3  | Got a pair of slimy gloves
 36947 | Swamp:3  | Identified the cursed +1 pair of gloves of Plunwot {rC+ Dam+2} (You took it off Nikola on level 3 of the Swamp)
 37563 | Swamp:4  | Noticed Frances
 37572 | Swamp:4  | Killed Frances
 37667 | Swamp:4  | Learned a level 6 spell: Haste
 38366 | Swamp:5  | Entered Level 5 of the Swamp
 39239 | Spider:1 | Entered Level 1 of the Spider Nest
 40090 | Spider:1 | Received a gift from Okawaru
 40659 | Spider:2 | Reached XP level 18. HP: 124/134 MP: 29/35
 41397 | Spider:3 | Reached skill level 10 in Fighting
 41881 | Spider:3 | Received a gift from Okawaru
 41894 | Spider:3 | Got a pair of encrusted boots {god gift}
 41895 | Spider:3 | Identified the +0 pair of boots "Vasobemn" {Dex+4 Int+5} (Okawaru gifted it to you on level 3 of the Spider Nest)
 42211 | Spider:3 | Reached skill level 18 in Polearms
 44249 | Spider:5 | Entered Level 5 of the Spider Nest
 44648 | Spider:5 | Got a slimy helmet
 44649 | Spider:5 | Identified the cursed -5 helmet "Ymeg Fusyrgh" {Int+1 Acc+5} (You found it on level 5 of the Spider Nest)
 45491 | Spider:5 | Received a gift from Okawaru
 45496 | Spider:5 | Got an encrusted trident {god gift}
 45498 | Spider:5 | Identified the +7,+1 trident of the Forest {flame, +Inv +Fly MR++ Int+1} (Okawaru gifted it to you on level 5 of the Spider Nest)
 45658 | Spider:5 | Reached XP level 19. HP: 144/144 MP: 30/36
 46118 | Spider:5 | Reached skill level 19 in Polearms
 46138 | Spider:5 | Reached skill level 10 in Ice Magic
 46154 | Spider:5 | Got a gossamer rune of Zot
 46606 | Vaults:1 | Entered Level 1 of the Vaults
 46716 | Vaults:1 | Found Ulenoikk's Magical Wand Emporium.
 48011 | Vaults:1 | Noticed Wiglaf
 48021 | Vaults:1 | Noticed Donald
 48030 | Vaults:1 | Killed Wiglaf
 48030 | Vaults:1 | Received a gift from Okawaru
 48320 | Vaults:1 | Killed Donald
 50098 | Vaults:2 | Reached skill level 20 in Polearms
 50936 | Vaults:3 | Reached XP level 20. HP: 138/155 MP: 24/36
 51172 | Vaults:3 | Found a staircase to the Enchanted Forest.
 51666 | Vaults:3 | Reached skill level 21 in Polearms
 51928 | Vaults:3 | Received a gift from Okawaru
 51956 | Vaults:3 | Got a jewelled trident {god gift}
 51957 | Vaults:3 | Identified the +2,+6 trident "Fikecea" {drain, rElec} (Okawaru gifted it to you on level 3 of the Vaults)
 53229 | Vaults:3 | Found a staircase to the Hall of Blades.
 53299 | Vaults:3 | Reached skill level 22 in Polearms
 53774 | Vaults:4 | Found Schinnen's Magical Wand Shoppe.
 53781 | Vaults:4 | Bought a wand of teleportation (2) for 360 gold pieces
 53934 | Vaults:4 | Received a gift from Okawaru
 53953 | Vaults:4 | Found Gufacsai's Armour Shop.
 54012 | Vaults:4 | Got a polished leather armour
 54013 | Vaults:4 | Identified the +1 leather armour of Relativism {Contam +Inv rElec rF+ rC+} (You found it on level 4 of the Vaults)
 54047 | Vaults:4 | Gained mutation: You digest meat inefficiently. [a shining eye]
 54048 | Vaults:4 | Reached skill level 23 in Polearms
 54687 | Vaults:4 | Reached skill level 24 in Polearms
 54806 | Vaults:4 | Reached XP level 21. HP: 99/161 MP: 21/37
 55112 | Vaults:5 | Entered Level 5 of the Vaults
 55345 | Vaults:5 | Received a gift from Okawaru
 55596 | Vaults:5 | Noticed Jory
 55619 | Vaults:5 | Killed Jory
 56348 | Vaults:5 | Reached skill level 25 in Polearms
 57122 | Vaults:4 | Reached skill level 26 in Polearms
 57637 | Vaults:5 | Paralysed by a sphinx for 7 turns
 58056 | Vaults:5 | Found Psorphub's Food Boutique.
 58480 | Vaults:5 | Received a gift from Okawaru
 58622 | Vaults:5 | Got an iridescent quarterstaff {god gift}
 58623 | Vaults:5 | Identified the +6,-3 quarterstaff of Fuga {crush, rElec rN+ Dex+3 Int+2} (Okawaru gifted it to you on level 5 of the Vaults)
 59121 | Vaults:5 | Bought a bread ration for 48 gold pieces
 59121 | Vaults:5 | Bought a bread ration for 48 gold pieces
 59121 | Vaults:5 | Bought a bread ration for 48 gold pieces
 59162 | Vaults:5 | Reached XP level 22. HP: 169/169 MP: 25/37
 59269 | Vaults:5 | Got a sparkling emerald amulet
 59339 | Vaults:5 | Received a gift from Okawaru
 59588 | Vaults:5 | Noticed Boris
 59595 | Vaults:5 | Killed Boris
 59748 | Vaults:5 | Identified the Disquisition on Supportive Moulding (You found it on level 5 of the Vaults)
 59797 | Vaults:5 | Identified Sif Muna's Catalogue of Damaging Envenoming (You found it on level 5 of the Vaults)
 59825 | Vaults:5 | Got a silver rune of Zot
 59865 | Vaults:5 | Learned a level 2 spell: Blink
 61239 | Orc:4    | Bought a scroll of identify for 34 gold pieces
 61239 | Orc:4    | Bought a scroll of identify for 34 gold pieces
 61371 | Lair:1   | Identified the amulet of Secrets {Gourm Str-1 Int+2} (You took it off a vault guard on level 5 of the Vaults)
 62493 | Swamp:5  | Reached skill level 27 in Polearms
 63316 | Swamp:5  | Reached skill level 1 in Armour
 63612 | Swamp:5  | Got a decaying rune of Zot
 65139 | Depths:2 | Noticed Norris
 65222 | Depths:2 | Killed Norris
 65268 | Depths:2 | Noticed Saint Roka
 65287 | Depths:2 | Killed Saint Roka
 65287 | Depths:2 | Received a gift from Okawaru
 65959 | Depths:2 | Found a one-way gate to the infinite horrors of the Abyss.
 66232 | Depths:2 | Reached XP level 23. HP: 70/179 MP: 30/38
 66792 | Depths:2 | Found Jimyk's Jewellery Shop.
 66807 | Depths:2 | Noticed MirrMurr's ghost (mighty SpEn)
 66819 | Depths:2 | Killed MirrMurr's ghost
 67326 | Depths:3 | Found Lymog's Serpentskin Sales.
 67444 | Depths:3 | Found a gateway to a ziggurat.
 67733 | Depths:3 | Found a one-way gate leading to the halls of Pandemonium.
 67765 | Depths:3 | Noticed Boris
 67781 | Depths:3 | Killed Boris
 68377 | Depths:3 | Reached skill level 10 in Hexes
 69096 | Depths:3 | Received a gift from Okawaru
 69543 | Elf:1    | Entered Level 1 of the Elven Halls
 69591 | Elf:1    | Found a radiant altar of Vehumet.
 69607 | Elf:1    | Noticed Nessos
 69623 | Elf:1    | Reached skill level 15 in Fighting
 69631 | Elf:1    | Killed Nessos
 69741 | Elf:1    | Got an ichor-stained robe
 69749 | Elf:1    | Identified the +2 robe of Serendipity {MR++ Acc+5} (You found it on level 1 of the Elven Halls)
 70497 | Elf:2    | Found a deep blue altar of Sif Muna.
 70587 | Elf:2    | Found Jaih's Weapon Shop.
 71104 | Elf:3    | Entered Level 3 of the Elven Halls
 71198 | Elf:3    | Found a shimmering altar of Xom.
 72433 | D:14     | Bought a faintly humming ice dragon armour for 3120 gold pieces
 72434 | D:14     | Identified the +0 ice dragon armour of Skimibar {rF- rC++ Dex+2 Int+1} (You bought it in a shop on level 14 of the Dungeon)
 72660 | Depths:4 | Received a gift from Okawaru
 72667 | Depths:4 | Reached skill level 1 in Necromancy
 72667 | Depths:4 | Reached skill level 1 in Translocations
 72689 | Depths:4 | Reached XP level 24. HP: 174/188 MP: 35/38
 73454 | Depths:4 | Received a gift from Okawaru
 73699 | Depths:4 | Identified the Grimoire of Attacks
 73910 | Depths:4 | Reached skill level 5 in Necromancy
 73910 | Depths:4 | Reached skill level 5 in Translocations
 74696 | Depths:4 | Received a gift from Okawaru
 74702 | Depths:4 | Identified a +2 cloak of preservation (Okawaru gifted it to you on level 4 of the Depths)
 74782 | Depths:4 | Learned a level 5 spell: Phase Shift
 74884 | Depths:4 | Found Ocogar's Food Boutique.
 75558 | Forest:1 | Entered Level 1 of the Enchanted Forest
 75824 | Forest:1 | Noticed Aizul
 75831 | Forest:1 | Killed Aizul
 76296 | Forest:1 | Reached XP level 25. HP: 176/195 MP: 26/39
 77382 | Forest:2 | Found a basalt altar of Yredelemnul.
 78483 | Forest:3 | Upgraded the game from 0.14-a0-1773-ge500af7 to 0.14-a0-1811-gdc2d5af
 79447 | Forest:3 | Received a gift from Okawaru
 79742 | Forest:3 | Found a staircase to the Tomb.
 82449 | Forest:4 | Paralysed by a spriggan assassin for 3 turns
 82886 | Forest:5 | Entered Level 5 of the Enchanted Forest
 83429 | Forest:5 | Reached XP level 26. HP: 197/205 MP: 25/41
 83512 | Forest:5 | Received a gift from Okawaru
 83652 | Forest:5 | Found a bloodstained altar of Trog.
 84766 | Forest:5 | Noticed the Enchantress
 85404 | Forest:5 | Killed the Enchantress
 85409 | Forest:5 | Got a faerie dragon armour
 85410 | Forest:5 | Identified the +4 faerie dragon armour {Int+3 Acc+4} (You took it off the Enchantress on level 5 of the Enchanted Forest)
 86740 | Lair:1   | Learned a level 7 spell: Controlled Blink
 87038 | Blade    | Entered the Hall of Blades
 87146 | Blade    | Noticed Margery
 87166 | Blade    | Killed Margery
 87167 | Blade    | Reached skill level 5 in Armour
 87360 | Blade    | Noticed Boris
 87375 | Blade    | Killed Boris
 87777 | Depths:5 | Reached skill level 10 in Translocations
 88267 | Depths:5 | Paralysed by a giant eyeball for 3 turns
 88516 | Depths:5 | Received a gift from Okawaru
 88667 | Depths:5 | Got a wavering copper ring
 88671 | Depths:5 | Paralysed by a giant eyeball for 3 turns
 88682 | Depths:5 | Identified the ring "Pniar" {rN+ Stlth+} (You found it on level 5 of the Depths)
 88921 | Depths:5 | Reached XP level 27. HP: 178/215 MP: 25/41
 89698 | Depths:5 | Got a ripped robe
 89709 | Depths:5 | Identified the cursed +2 robe "Shiuwiunt" {rN+} (You found it on level 5 of the Depths)
 89739 | Depths:5 | Found a radiant altar of Vehumet.
 90105 | Depths:5 | Got an ancient robe
 90116 | Depths:5 | Identified the cursed +0 robe of a sewer {Str-3 Dex-2 Int+2} (You found it on level 5 of the Depths)
 90154 | Depths:5 | Got a heavy robe
 90165 | Depths:5 | Identified the +0 robe "Wodap" {rF+ MR++ Dex-1} (You found it on level 5 of the Depths)
 90306 | Depths:5 | Paralysed by a giant eyeball for 4 turns
 91422 | Depths:6 | Entered Level 6 of the Depths
 91528 | Depths:6 | Noticed Mennas
 91629 | Depths:6 | Killed Mennas
 92632 | Depths:6 | Received a gift from Okawaru
 93557 | Depths:6 | Received a gift from Okawaru
 93562 | Depths:6 | Got a fine glaive {god gift}
 93563 | Depths:6 | Identified the +2,+1 glaive of the Thirteen Gods {venom, +Rage rF-} (Okawaru gifted it to you on level 6 of the Depths)
 93594 | Depths:6 | Found a gate to the Realm of Zot.
 95088 | Elf:3    | Reached skill level 10 in Armour
 95379 | Elf:3    | Received a gift from Okawaru
 95510 | Elf:3    | Got a slimy great mace
 95511 | Elf:3    | Identified the +3,+5 great mace "Twiuwaidgh" {crush, +Rage +Inv Str+1 SInv} (You took it off a deep elf death mage on level 3 of the Elven Halls)
 95665 | Elf:3    | Got a fine granite ring
 95702 | Elf:3    | Got a dazzling scale mail
 95717 | Elf:3    | Identified the +5 scale mail of Nustriler {+Rage rPois rF+ rN+ Dex-1} (You took it off a deep elf priest on level 3 of the Elven Halls)
 96044 | Elf:3    | Got a fine leather armour
 96088 | Elf:3    | Identified the cursed -2 leather armour of Repulsion {rPois rN+ Int+2} (You took it off a deep elf sorcerer on level 3 of the Elven Halls)
 96298 | Elf:3    | Got a brightly glowing morningstar
 96336 | Elf:3    | Got a pitted glass ring
 96364 | Elf:3    | Identified a +1 pair of boots of running (You found it on level 3 of the Elven Halls)
 96494 | Elf:3    | Identified a scroll of acquirement
 97483 | Slime:1  | Entered Level 1 of the Pits of Slime
 97689 | Slime:1  | Paralysed by a giant eyeball for 2 turns
 97772 | Slime:2  | Paralysed by a giant eyeball for 2 turns
 98114 | Slime:3  | Reached skill level 10 in Evocations
 98361 | Slime:5  | Received a gift from Okawaru
 98656 | Slime:5  | Gained mutation: Your vision is a little blurry. [a shining eye]
 98680 | Slime:5  | Paralysed by a giant eyeball for 3 turns
 98748 | Slime:5  | Found a viscous altar of Jiyva.
 98775 | Slime:6  | Entered Level 6 of the Pits of Slime
 99198 | Slime:6  | Noticed the royal jelly
 99211 | Slime:6  | Killed the royal jelly
 99288 | Slime:6  | Received a gift from Okawaru
 99480 | Slime:6  | Got a brightly glowing chain mail {god gift}
 99499 | Slime:6  | Paralysed by a great orb of eyes for 6 turns
 99531 | Slime:6  | Paralysed by a giant eyeball for 3 turns
 99700 | Slime:6  | Got a steaming lead ring
 99717 | Slime:6  | Identified Wuboys' Collected Works on Glacial Enchantment
 99740 | Slime:6  | Identified a +0 pair of boots of running (You found it on level 6 of the Pits of Slime)
 99756 | Slime:6  | Got a slimy rune of Zot
 99879 | Slime:6  | Identified the -5 chain mail of Hysteria {rF+ Dam+2} (Okawaru gifted it to you on level 6 of the Pits of Slime)
 99965 | Slime:6  | Identified the ring of Order {Hunger- rF+ rC- MR++ Dam+5 SInv} (You took it off a deep elf priest on level 3 of the Elven Halls)
100021 | Slime:6  | Got a smoking glass ring
100027 | Slime:6  | Got an ancient wooden ring
100050 | Slime:6  | Got a twisted robe
100061 | Slime:6  | Identified the cursed -4 robe of the Onion {rN+} (You found it on level 6 of the Pits of Slime)
100721 | Zot:1    | Entered Level 1 of the Realm of Zot
101560 | Zot:1    | Reached skill level 10 in Invocations
102862 | Zot:3    | Received a gift from Okawaru
103198 | Zot:3    | Identified the ring "Styroo" {+cTele +Blink rElec Str+4 Dex-3} (You found it on level 6 of the Pits of Slime)
103313 | Zot:3    | Identified the ring of Absolutism {Wiz Str+3 Dex+4} (You found it on level 6 of the Pits of Slime)
103772 | Zot:3    | Identified the ring of the Suburbs {+Fly MR+ Stlth++} (You found it on level 6 of the Pits of Slime)
104504 | Zot:4    | Received a gift from Okawaru
104513 | Zot:4    | Got a fine scale mail {god gift}
104615 | Zot:4    | Identified the +4 scale mail of Gallantry {rC+ Dex+2} (Okawaru gifted it to you on level 4 of the Realm of Zot)
104805 | Zot:4    | Identified the ring "Plog" {+Inv +Fly} (You took it off a deep elf priest on level 3 of the Elven Halls)
104832 | Zot:4    | Got a warped chain mail
104849 | Zot:4    | Identified the +0 chain mail "Kosuod" {SInv} (You found it on level 4 of the Realm of Zot)
104973 | Zot:5    | Entered Level 5 of the Realm of Zot
105353 | Zot:5    | Reached skill level 15 in Translocations
105454 | Zot:5    | Noticed an ancient lich
105482 | Zot:5    | Killed an ancient lich
105548 | Zot:5    | Noticed an orb of fire
105548 | Zot:5    | Noticed an orb of fire
105550 | Zot:5    | Noticed an orb of fire
105551 | Zot:5    | Noticed an ancient lich
105552 | Zot:5    | Noticed an ancient lich
105558 | Zot:5    | Noticed an orb of fire
105558 | Zot:5    | Noticed an orb of fire
105558 | Zot:5    | Noticed an orb of fire
105561 | Zot:5    | Gained mutation: Armour fits poorly on your strangely shaped body. [an orb of fire]
105563 | Zot:5    | Noticed an ancient lich
105564 | Zot:5    | Noticed an ancient lich
105897 | Zot:5    | Killed an ancient lich
105897 | Zot:5    | Received a gift from Okawaru
105920 | Zot:5    | Gained mutation: You are dopey. (Int -2) [an orb of fire]
105929 | Zot:5    | Killed an orb of fire
105951 | Zot:5    | Killed an orb of fire
106163 | Zot:5    | Killed an orb of fire
106420 | Zot:5    | Killed an orb of fire
106463 | Zot:5    | Killed an ancient lich
106622 | Zot:5    | Killed an ancient lich
106713 | Zot:5    | Killed an orb of fire
106804 | Zot:5    | Gained mutation: You digest meat very inefficiently. [an orb of fire]
106805 | Zot:5    | Killed an orb of fire
107108 | Zot:5    | Killed an ancient lich
107218 | Zot:5    | Reached skill level 15 in Invocations
107305 | Zot:5    | Got the Orb of Zot
108343 | D:8      | Received a gift from Okawaru
108437 | D:4      | Noticed Ploaliyj the pandemonium lord
108453 | D:4      | Killed Ploaliyj the pandemonium lord
108500 | D:3      | Gained mutation: Your system is resistant to poisons. [mutagenic glow]
108598 | D:1      | Was placed under penance by Okawaru
108641 | D:$      | Escaped with the Orb!

Action                   |  1- 3 |  4- 6 |  7- 9 | 10-12 | 13-15 | 16-18 | 19-21 | 22-24 | 25-27 || total
-------------------------+-------+-------+-------+-------+-------+-------+-------+-------+-------++-------
Melee: Spear             |   143 |   233 |       |       |       |       |       |       |       ||   376
       Unarmed           |     6 |       |       |       |       |       |       |       |       ||     6
       Scythe            |       |    46 |    35 |       |       |       |       |       |       ||    81
       Trident           |       |       |   193 |   659 |   299 |   425 |    14 |       |       ||  1590
       Glaive            |       |       |       |       |   883 |   891 |   567 |   673 |       ||  3014
       Bardiche          |       |       |       |       |       |       |   757 |   672 |  3097 ||  4526
Throw: Throwing net      |       |       |       |     1 |     1 |       |       |       |       ||     2
       Javelin           |       |       |       |       |       |       |     4 |       |       ||     4
 Cast: Infusion          |    11 |    17 |    17 |    18 |    35 |    17 |     1 |     2 |       ||   118
       Shroud of Golubri |       |     2 |     1 |     7 |    26 |    42 |    16 |     7 |     9 ||   110
       Spectral Weapon   |       |     6 |    11 |    46 |    87 |   115 |   134 |   122 |   237 ||   758
       Song of Slaying   |       |       |       |     4 |    31 |    17 |    23 |     9 |    12 ||    96
       Regeneration      |       |       |       |     5 |    30 |    53 |    46 |    36 |   105 ||   275
       Condensation Shie |       |       |       |       |     9 |    52 |   100 |   124 |   255 ||   540
       Deflect Missiles  |       |       |       |       |     1 |    10 |    46 |    35 |    46 ||   138
       Haste             |       |       |       |       |       |    22 |    39 |    33 |    61 ||   155
       Phase Shift       |       |       |       |       |       |       |       |       |   174 ||   174
       Controlled Blink  |       |       |       |       |       |       |       |       |     1 ||     1
Invok: Heroism           |       |       |       |     3 |    13 |     7 |     6 |     3 |     2 ||    34
       Finesse           |       |       |       |     1 |     3 |       |       |     1 |     5 ||    10
Evoke: Wand              |       |       |       |     4 |     4 |     7 |     1 |     2 |     8 ||    26
       disc of storms    |       |       |       |       |       |       |       |     2 |     4 ||     6
       fan of gales      |       |       |       |       |       |       |       |       |     3 ||     3
       lamp of fire      |       |       |       |       |       |       |       |       |     3 ||     3
       phial of floods   |       |       |       |       |       |       |       |       |     2 ||     2
       stone of tremors  |       |       |       |       |       |       |       |       |     1 ||     1
  Use: Potion            |       |     2 |       |     4 |     3 |     5 |     3 |     1 |    27 ||    45
       Scroll            |       |       |    21 |    19 |    15 |    15 |    16 |    18 |    40 ||   144
 Stab: Distracted        |       |     1 |       |     2 |    10 |    15 |    29 |    28 |    52 ||   137
       Sleeping          |       |       |     2 |     5 |    11 |    26 |    10 |    20 |    11 ||    85
       Paralysed         |       |       |       |     2 |       |       |       |       |       ||     2
       Invisible         |       |       |       |     1 |       |       |       |       |       ||     1
       Confused          |       |       |       |       |       |     1 |       |       |       ||     1
       Held in net/web   |       |       |       |       |       |     1 |       |       |       ||     1
